 Dungeon Crawl Stone Soup version 0.30-a0-341-g682706514a (webtiles) character file.

Game seed: 8823566882768367539

51 Devinter the Sneak (level 4, 0/24 HPs)
             Began as a Kobold Enchanter on Nov 3, 2022.
             Slain by a gnoll
             ... wielding a +0 flail
              (10 damage)
             ... on level 3 of the Dungeon.
             The game lasted 00:10:36 (1771 turns).

Devinter the Sneak (Kobold Enchanter)               Turns: 1771, Time: 00:10:36

Health: 0/24       AC:  3    Str:  5    XL:     4   Next: 7%
Magic:  4/8        EV: 15    Int: 16    God:
Gold:   200        SH:  0    Dex: 17    Spells: 6/8 levels left

rFire   . . .      SeeInvis .    a - +1 dagger
rCold   . . .      Faith    .    (no shield)
rNeg    . . .      Spirit   .    b - +0 robe
rPois   .          Reflect  .    (no helmet)
rElec   .          Harm     .    d - +0 cloak
rCorr   .          Rampage  .    (no gloves)
Will    .....                    (no boots)
Stlth   ++++......               (no amulet)
HPRegen 0.24/turn                (no ring)
MPRegen 0.11/turn                (no ring)

@: no status effects
A: small, no large weapons, nightstalker 3
a: no special abilities


You were on level 3 of the Dungeon.
You visited 1 branch of the dungeon, and saw 3 of its levels.

You collected 200 gold pieces.

Inventory:

Hand Weapons
 a - a +1 dagger (weapon)
Missiles
 e - 5 boomerangs (quivered)
 g - 7 poisoned darts
Armour
 b - a +0 robe (worn)
 d - a +0 cloak (worn)
Scrolls
 h - a scroll of identify {unknown}
 j - a scroll of poison {unknown}
 k - a scroll of noise {unknown}
 m - a scroll of blinking {unknown}
Potions
 c - 2 potions of invisibility
 f - 2 potions of degeneration {unknown}
 i - a potion of attraction {unknown}
 l - 3 potions of curing {unknown}


   Skills:
 + Level 2.3 Short Blades
 + Level 3.0 Dodging
 + Level 4.6 Stealth
 + Level 2.7 Spellcasting
 - Level 3.0 Hexes
 + Level 1.2 Ice Magic


You had 6 spell levels left.
You knew the following spells:

 Your Spells              Type           Power      Damage    Failure   Level
a - Ensorcelled Hibernat  Hex/Ice        16%        N/A       12%         2

Your spell library contained the following spells:

 Spells                   Type           Power      Damage    Failure   Level
 Confusing Touch          Hex            11%        N/A       17%         3
 Tukima's Dance           Hex            11%        N/A       17%         3
 Dazzling Flash           Conj/Hex       12%        N/A       30%         3


Dungeon Overview and Level Annotations

Branches:
Dungeon (3/15)

Altars:
Xom

Shops:
D:1 [


Innate Abilities, Weirdness & Mutations

You are small and have problems with some larger weapons.
You are completely attuned to the shadows.


Message History

The kobold shouts!
The kobold hits you with a +0 whip.
You barely miss the kobold. The kobold hits you but does no damage.
You barely miss the kobold. The kobold hits you with a +0 whip.
You barely miss the kobold. The kobold misses you.
You barely miss the kobold. The kobold misses you.
You barely miss the kobold. You hit the kobold but do no damage.
The kobold closely misses you.
You closely miss the kobold. The kobold misses you.
You hit the kobold.
The kobold is moderately wounded.
The kobold closely misses you.
You hit the kobold.
You kill the kobold!
You see here a +0 whip.
You now have 200 gold pieces (gained 13).
A gnoll comes into view. It is wielding a +0 flail.
You hear the slow rusting of a distant drain.
A gnoll comes into view. It is wielding a +0 whip.
The gnoll shouts! x2
A gnoll comes into view. It is wielding a +0 flail.
The gnoll hits you with a +0 flail!
Casting: Ensorcelled Hibernation (safe; 12% risk of failure)
Confirm with . or Enter, or press ? or * to list all spells.
Aiming: Ensorcelled Hibernation (safe; 12% risk of failure)
Press: ? - help, Shift-Dir - straight line, f - gnoll
Aim: a gnoll, wielding a +0 flail (chance to affect: 50%)
The gnoll resists with some effort.
The gnoll shouts!
The gnoll hits you with a +0 flail.
Casting: Ensorcelled Hibernation (safe; 12% risk of failure)
Confirm with . or Enter, or press ? or * to list all spells.
You don't know that spell.
Casting: Ensorcelled Hibernation (safe; 12% risk of failure)
Confirm with . or Enter, or press ? or * to list all spells.
Aiming: Ensorcelled Hibernation (safe; 12% risk of failure)
Press: ? - help, Shift-Dir - straight line, f/p - gnoll
Aim: a gnoll, wielding a +0 flail (chance to affect: 50%)
The gnoll resists with some effort.
The gnoll hits you with a +0 flail!
You die...

.# #.# #.# #
#####.##..
#.)......# #
#.###.###
#.#######.# #.#
#gg@....#.# #.#
..g#####...# #.# ##
##### #<######
#.......
###############....
#...............###
#.###############
#.# #######.#


You could see 3 gnolls.

Vanquished Creatures
  2 adders (D:2)
  A dart slug (D:1)
  2 endoplasms
  2 goblins
  5 hobgoblins
  2 quokkas
  5 ball pythons
  2 bats (D:2)
  4 frilled lizards
  5 kobolds
  2 rats
32 creatures vanquished.

Notes
Turn   | Place    | Note
-------+----------+-------------------------------------------
     0 | D:1      | Devinter the Kobold Enchanter began the quest for the Orb.
     0 | D:1      | Reached XP level 1. HP: 10/10 MP: 3/3
   139 | D:1      | Found Baighax's Antique Armour Shoppe.
   343 | D:1      | Reached XP level 2. HP: 15/15 MP: 5/5
   395 | D:1      | Learned a level 2 spell: Ensorcelled Hibernation
  1110 | D:2      | Reached skill level 2 in Short Blades
  1110 | D:2      | Reached XP level 3. HP: 19/19 MP: 6/6
  1118 | D:2      | Reached skill level 1 in Ice Magic
  1383 | D:2      | Found a shimmering altar of Xom.
  1549 | D:2      | Reached skill level 3 in Dodging
  1601 | D:2      | Reached XP level 4. HP: 24/24 MP: 8/8
  1771 | D:3      | Slain by a gnoll

Illustrated notes

Levels and vault maps discovered:
D:1:      dpeg_arrival_renting, layout_loops_corners, serial_shops,
          nicolae_square_shop
D:2:      layout_basic, basic_altar, minmay_door_square, grunt_ministairs_15
D:3:      layout_loops_ring, gup_sewer_entry_bubbles, minmay_surrounded

Skill      XL: |  1  2  3 |
---------------+----------+-----
Short Blades   | 2 |  2.3
Ice Magic      | 1 |  1.2
Dodging        | 3 |  3.0
Stealth        | |  4.6
Spellcasting   | |  2.7
Hexes          | |  3.0

Action                   |  1- 3 |  4- 6 || total
-------------------------+-------+-------++-------
Melee: Dagger            |    64 |    13 ||    77
 Cast: Ensorcelled Hiber |     2 |     2 ||     4
 Stab: Sleeping          |    17 |       ||    17
Armor: Robe              |     8 |     2 ||    10
Dodge: Dodged            |    27 |     7 ||    34

Table legend: (Time is in decaauts)
 A = Elapsed time spent in this place.
 B = Non-inter-level travel time spent in this place.
 C = Inter-level travel time spent in this place.
 D = Time resting spent in this place.
 E = Time spent auto-exploring this place.
 F = Levels seen in this place.
 G = Mean time per level.
                   A        B        C        D        E       F      G
               +--------+--------+--------+--------+--------+-----+--------+
         Total |   1762 |   1706 |     56 |     67 |    401 |   3 |  587.3 |
       Dungeon |   1762 |   1706 |     56 |     67 |    401 |   3 |  587.3 |
               +--------+--------+--------+--------+--------+-----+--------+

Top non-repeatable levels by time:
     D:1: 1083 daAuts
     D:2: 626 daAuts
     D:3: 52 daAuts
